AoeStats
← Dkhan

Arabia

510005681Analyzed
1v1 RM · 2d ago on Sep 29, 2026· 17m 28s· 2 players
Game mode
Random Map
Map size
Tiny (2 player)
Population
200
Speed
Normal
Resources
Standard
Victory
Conquest
Starting age
Dark Age
Ending age
Imperial Age
RankedLock teamsTeams togetherTeam positionsShared explorationLock speedFull tech treeHidden civsTurbo modeCheats
Victory
Defeat
🇭🇰 Varangians · Hong Kong SAR China
1054
+17
🇻🇪 Mongols · Venezuela
1081
-17
Supershrimp
7:19 Loom
9:41 Feudal Age
11:04 Double-Bit Axe
11:37 Horse Collar
14:58 Bloodlines
Dkhan
5:46 Loom
8:27 Feudal Age
14:05 Double-Bit Axe
Connection lost

Rejoining the realm…

Still unreachable

The connection could not be restored.

Session expired

The server has moved on; the page needs a fresh start.